AoeStats
← RiGhT

African Clearing

510712316Analyzed
4v4 RM · 7h ago on Oct 2, 2026· 24m 55s· 8 players
Game mode
Random Map
Map size
Large (8 player)
Population
200
Speed
Normal
Resources
Standard
Victory
Conquest
Starting age
Dark Age
Ending age
Imperial Age
RankedLock teamsTeams togetherTeam positionsShared explorationLock speedFull tech treeHidden civsTurbo modeCheats
Victory
Defeat
🇨🇳 Huns · China
1241
+16
🇨🇳 Spanish · China
1234
+17
🇨🇴 Vietnamese · Colombia
1231
+17
🇺🇸 Aztecs · United States
1173
+19
🇨🇳 Varangians · China
1303
-20
🇨🇳 Lithuanians · China
1294
-19
🇮🇳 Danes · India
1222
-16
🇩🇪 Vietnamese · Germany
1162
-14
钓你吗钓
11:48 Loom
13:47 Feudal Age
17:28 Castle Age
15:23 Stone Mining
15:56 Gold Mining
16:33 Double-Bit Axe
21:01 Horse Collar
封不觉
10:45 Loom
12:33 Feudal Age
14:37 Double-Bit Axe
17:35 Forging
18:12 Scale Barding Armor
19:04 Wheelbarrow
19:14 Bloodlines
21:39 Town Watch
23:50 Fletching
24:00 Padded Archer Armor
24:37 Horse Collar
Gompachiro
5:34 Loom
13:33 Feudal Age
13:56 Feudal Age
18:28 Castle Age
18:26 Double-Bit Axe
20:01 Fishing Lines
20:34 Horse Collar
23:59 Bow Saw
rugiero569
3:15 Loom
14:38 Feudal Age
15:21 Town Watch
21:37 Castle Age
20:27 Horse Collar
21:37 Scale Mail Armor
22:42 Squires
22:28 Arson
25:09 Redemption
菜鸡互啄
14:11 Feudal Age
13:49 Loom
17:44 Castle Age
15:53 Double-Bit Axe
鲨丁鱼
10:52 Loom
13:34 Feudal Age
17:17 Castle Age
15:28 Double-Bit Axe
25:18 Wheelbarrow
RiGhT
14:21 Feudal Age
17:58 Castle Age
15:48 Double-Bit Axe
18:56 Bow Saw
20:00 Loom
21:12 Horse Collar
23:01 Wheelbarrow
23:19 Fishing Lines
King Stannis
10:55 Loom
15:01 Feudal Age
16:12 Double-Bit Axe
23:40 Castle Age
23:12 Fletching
23:52 Padded Archer Armor
23:50 Gold Mining
Connection lost

Rejoining the realm…

Still unreachable

The connection could not be restored.

Session expired

The server has moved on; the page needs a fresh start.